 Dungeon Crawl Stone Soup version 0.20-a0-820-g557356e (webtiles) character file.

8246 mkm the Cleaver (level 11, 0/99 HPs)
             Began as a Minotaur Berserker on Mar 3, 2017.
             Was a High Priest of Trog.
             Hit by a large rock thrown by a cyclops (12 damage)
             ... on level 2 of the Orcish Mines on Mar 5, 2017.
             The game lasted 00:51:26 (9142 turns).

mkm the Cleaver (Minotaur Berserker)                Turns: 9142, Time: 00:51:27

Health: 0/99       AC: 16    Str: 23      XL:     11   Next: 7%
Magic:  10/10      EV: 18    Int:  6      God:    Trog [*****.]
Gold:   915        SH:  0    Dex: 16 (17) Spells: 10/10 levels left

rFire    . . .     SeeInvis .   G - +5 hand axe of the Viper {chop, Int+2}
rCold    . . .     Gourm    .   p - +2 chain mail
rNeg     . . .     Faith    .   (no shield)
rPois    .         Spirit   .   (helmet unavailable)
rElec    .         Reflect  .   y - +0 cloak
rCorr    .         Harm     .   l - +0 pair of gloves
MR       .....     Clarity  +   (no boots)
Stlth    ..........             (no amulet)
Regen    0.3/turn               s - +2 ring of strength
MPRegen  0.2/turn               f - +3 ring of slaying

@: agile, exhausted, slowed, very slow
A: retaliatory headbutt, horns 3, repulsion field 1, clarity, deterioration 1,
weak 1, evolution 1
a: Berserk, Trog's Hand, Brothers in Arms, Burn Spellbooks, Renounce Religion


You were on level 2 of the Orcish Mines.
You worshipped Trog.
Trog was extremely pleased with you.
You were near starving.

You visited 2 branches of the dungeon, and saw 12 of its levels.

You collected 915 gold pieces.

Inventory:

Hand Weapons
 G - the +5 hand axe of the Viper (weapon) {chop, Int+2}
   (Trog gifted it to you on level 1 of the Orcish Mines)

   It inflicts extra damage upon your enemies.
   It affects your intelligence (+2).
Missiles
 F - 6 tomahawks of returning (quivered)
Armour
 e - a +0 ring mail
 l - a +0 pair of gloves (worn)
 p - a +2 chain mail (worn)
 y - a +0 cloak (worn)
Magical Staves
 A - an uncursed staff of poison
Jewellery
 f - a +3 ring of slaying (left hand)
 m - an uncursed ring of fire
 r - an uncursed ring of protection from cold
 s - a +2 ring of strength (right hand)
 v - an uncursed ring of resist corrosion
 C - an uncursed ring of protection from cold
Wands
 g - a wand of random effects (37/48)
 o - a wand of flame (18/48)
Scrolls
 b - 4 scrolls of fear
 d - 5 scrolls of magic mapping
 i - a scroll of summoning
 j - 8 scrolls of teleportation
 t - 2 scrolls of blinking
 x - 2 scrolls of recharging
 B - 2 scrolls of identify
 E - a scroll of amnesia
Potions
 n - a potion of mutation
 q - 2 potions of magic
 u - a potion of curing
 w - a potion of resistance {unknown}
Comestibles
 c - 6 bread rations
 h - 6 royal jellies
 k - 5 fruits
 D - a meat ration


   Skills:
 + Level 9.8 Fighting
 + Level 14.2 Axes
 + Level 9.7 Armour
 + Level 5.2 Dodging
 + Level 2.5 Stealth


You had 10 spell levels left.
You didn't know any spells.

Dungeon Overview and Level Annotations

Branches:
Dungeon (10/15)            Temple (0/1) D:6             Orc (2/2) D:10
   Lair: D:8-11         Elf: Orc:2

Altars:
Ashenzari
Cheibriados
Makhleb
Nemelex Xobeh
Okawaru
Sif Muna
Uskayaw
Vehumet
Xom
Yredelemnul
Zin
Beogh

Shops:
D:8 }   D:9 }   Orc:2 [


Innate Abilities, Weirdness & Mutations

You reflexively headbutt those who attack you in melee.
You have a pair of large horns on your head.
You are surrounded by a mild repulsion field. (EV +2)
You possess an exceptional clarity of mind.
Your body sometimes deteriorates upon taking damage.
You are weak. (Str -2)
You evolve.


Message History

You barely miss the orc knight. You closely miss the orc.
Your two-headed ogre hits the orc knight with a giant club! x2
The orc knight hits you with a war axe!
The orc knight hits your two-headed ogre with a war axe!
You feel agile all of a sudden.
Your two-headed ogre barely misses the orc knight.
Your two-headed ogre hits the orc knight with a giant club!!
The orc misses you. You furiously retaliate!
You headbutt the orc!
You kill the orc!
Trog accepts your kill. The orc completely misses you.
The orc knight hits you with a war axe!!
* * * LOW HITPOINT WARNING * * *
The orc knight completely misses your two-headed ogre.
Your two-headed ogre hits the orc knight with a giant club!
The orc knight dies!
Trog accepts your kill. The orc hits you but does no damage.
The cyclops throws a large rock.
The large rock hits you!
You die...

.....$.........P..
.................C∩
.............C.P...
.................C.
..............CP...
......o............
##.#..)))O.........
.......@.C<........
..........((.......
...................
..#................
................$..
...........$.......
...................
...................
..P...............


You could see an ettin, 2 cyclopes, an orc and a friendly two-headed ogre
(berserk).

Vanquished Creatures
  A two-headed ogre (D:9)
  A hornet (D:8)
  2 wraiths
  4 yaks (D:9)
  A human (D:7)
  3 wyverns
  4 hogs (D:7)
  Menkaure (D:4)
  A two-headed ogre zombie (D:10)
  2 sky beasts
  2 orc warriors
  An ice beast (D:10)
  4 phantoms
  2 black bears (D:9)
  2 necrophages (D:7)
  6 centaurs
  8 ogres
  A big kobold (D:7)
  3 bullfrogs
  A scorpion (D:10)
  A troll zombie (D:10)
  10 killer bees
  2 crimson imps
  4 howler monkeys
  2 bullfrog zombies
  A quasit (D:10)
  3 jellies
  4 orc priests
  A centaur skeleton (D:8)
  8 hounds
  2 bullfrog skeletons
  3 orc wizards
  Natasha (twice) (D:2)
  3 iguanas
  5 worker ants
  3 ogre zombies (D:10)
  2 worker ant zombies (D:6)
  9 adders
  2 shadow imps
  An ooze (D:5)
  2 adder zombies
  An adder skeleton (D:4)
  2 worms
  2 dart slugs (D:1)
  6 leopard geckos
  29 orcs
  9 giant cockroaches
  4 goblins
  7 hobgoblins
  5 jackals
  16 kobolds
  3 quokkas
  6 bats
  6 frilled lizards
  A giant cockroach zombie (D:5)
  A goblin zombie (D:10)
  A hobgoblin skeleton (D:10)
  2 hobgoblin zombies (D:10)
  2 orc skeletons (D:10)
  11 orc zombies (D:10)
  A quokka skeleton (D:5)
  11 rats
246 creatures vanquished.

Vanquished Creatures (collateral kills)
  An orc knight (Orc:2)
  An orc sorcerer (Orc:2)
  An ogre (D:9)
  A big kobold (D:9)
  A troll zombie (D:10)
  2 ogre zombies (D:10)
  5 kobolds
  A goblin skeleton (D:10)
  A goblin zombie (D:10)
  2 hobgoblin skeletons (D:10)
  4 orc zombies (D:10)
20 creatures vanquished.

Vanquished Creatures (others)
  A goblin (D:2)
  A frilled lizard (D:2)
2 creatures vanquished.

Grand Total: 268 creatures vanquished

Notes
Turn   | Place    | Note
-------+----------+-------------------------------------------
     0 | D:1      | mkm the Minotaur Berserker began the quest for the Orb.
     0 | D:1      | Reached XP level 1. HP: 19/19 MP: 0/0
   149 | D:1      | Reached XP level 2. HP: 27/27 MP: 1/1
   160 | D:1      | Reached skill level 4 in Axes
   446 | D:2      | Noticed Natasha
   585 | D:2      | Reached XP level 3. HP: 31/33 MP: 2/2
   623 | D:2      | Reached ** piety under Trog
   647 | D:1      | HP: 1/34 [poisoned by an adder]
   648 | D:1      | Gained mutation: You evolve. [potion of mutation]
   648 | D:1      | Gained mutation: You are surrounded by a mild repulsion field. (EV +2) [potion of mutation]
   958 | D:2      | Killed Natasha
   958 | D:2      | Reached skill level 5 in Axes
   958 | D:2      | Reached XP level 4. HP: 33/41 MP: 3/3
  1045 | D:2      | Found a burning altar of Makhleb.
  1045 | D:2      | Found a radiant altar of Vehumet.
  1092 | D:2      | Noticed Natasha
  1100 | D:2      | Killed Natasha
  1171 | D:2      | Reached skill level 5 in Fighting
  1488 | D:3      | Found a sparkling altar of Nemelex Xobeh.
  1626 | D:3      | Reached XP level 5. HP: 48/48 MP: 4/4
  2026 | D:3      | Reached *** piety under Trog
  2394 | D:4      | Noticed an ogre
  2407 | D:4      | Noticed an ogre
  2411 | D:4      | Killed an ogre
  2411 | D:4      | Reached skill level 6 in Axes
  2411 | D:4      | Reached skill level 1 in Stealth
  2421 | D:4      | Killed an ogre
  2421 | D:4      | Reached XP level 6. HP: 30/56 MP: 5/5
  2622 | D:4      | Found a glowing silver altar of Zin.
  2660 | D:4      | Noticed Menkaure
  2665 | D:4      | Killed Menkaure
  2665 | D:4      | Reached skill level 7 in Axes
  2722 | D:4      | Reached XP level 7. HP: 56/62 MP: 6/6
  2781 | D:4      | Found a shimmering altar of Xom.
  3180 | D:5      | Entered Level 5 of the Dungeon
  3274 | D:5      | Reached skill level 8 in Axes
  4480 | D:6      | Found a burning altar of Makhleb.
  4633 | D:6      | Reached skill level 9 in Axes
  4683 | D:6      | Reached **** piety under Trog
  4683 | D:6      | Reached XP level 8. HP: 60/70 MP: 7/7
  4861 | D:6      | Found a staircase to the Ecumenical Temple.
  5333 | D:7      | Gained mutation: You possess an exceptional clarity of mind. [evolution]
  5349 | D:7      | Reached skill level 10 in Axes
  5613 | D:7      | Reached skill level 5 in Armour
  5724 | D:7      | Reached XP level 9. HP: 79/79 MP: 8/8
  5876 | D:7      | Found a snail-covered altar of Cheibriados.
  5876 | D:7      | Found a deep blue altar of Sif Muna.
  6142 | D:7      | Reached skill level 11 in Axes
  6586 | D:8      | Reached skill level 12 in Axes
  6596 | D:8      | Paralysed by a hornet for 1 turns
  6870 | D:8      | Gained mutation: You are weak. (Str -2) [evolution]
  6890 | D:8      | Found Vated's Gadget Boutique.
  6914 | D:8      | Reached XP level 10. HP: 89/89 MP: 9/9
  6983 | D:8      | Reached ***** piety under Trog
  7052 | D:8      | Found a hide-covered altar of Uskayaw.
  7210 | D:9      | Noticed a dagger
  7259 | D:9      | Noticed a two-headed ogre
  7266 | D:9      | Killed a two-headed ogre
  7266 | D:9      | Reached skill level 13 in Axes
  7266 | D:9      | Reached skill level 5 in Dodging
  7377 | D:9      | Gained mutation: You have a pair of large horns on your head. [evolution]
  7527 | D:9      | Found Gubolist's Gadget Shop.
  7585 | D:9      | Found a basalt altar of Yredelemnul.
  7617 | D:9      | Found an iron altar of Okawaru.
  7620 | D:9      | Found a shattered altar of Ashenzari.
  7811 | D:10     | Entered Level 10 of the Dungeon
  7868 | D:9      | Found a hide-covered altar of Uskayaw.
  7873 | D:9      | Noticed a hand axe
  8402 | D:10     | Reached skill level 14 in Axes
  8452 | D:10     | Found a staircase to the Orcish Mines.
  8493 | D:10     | Upgraded the game from 0.20-a0-809-gaf7f668 to 0.20-a0-820-g557356e
  8613 | Orc:1    | Entered Level 1 of the Orcish Mines
  8629 | Orc:1    | Received a gift from Trog
  8630 | Orc:1    | Found a roughly hewn altar of Beogh.
  8638 | Orc:1    | Reached XP level 11. HP: 77/99 MP: 10/10
  8663 | Orc:1    | Got a jewelled hand axe {god gift}
  8664 | Orc:1    | Gained mutation: Your body sometimes deteriorates upon taking damage. [evolution]
  8667 | Orc:1    | Identified the +5 hand axe of the Viper {chop, Int+2} (Trog gifted it to you on level 1 of the Orcish Mines)
  9130 | Orc:2    | Entered Level 2 of the Orcish Mines
  9130 | Orc:2    | Noticed an orc knight
  9130 | Orc:2    | Noticed an orc sorcerer
  9132 | Orc:2    | Found Akado's Antique Armour Shop.
  9133 | Orc:2    | Noticed an ettin
  9139 | Orc:2    | Killed an orc sorcerer
  9142 | Orc:2    | Killed an orc knight
  9142 | Orc:2    | Hit by a large rock thrown by a cyclops

Vault maps used:
D:1:      lightli_arrival_noodles
D:2:      amethyst_overflow_temple_binary, first_bread, kennysheep_another_room,
          lemuel_flame_loot_1, uniq_natasha
D:3:      nemelex_xobeh_ov_fountains_minmay
D:4:      zin_statuary, kennysheep_mini_moat, uniq_menkaure
D:6:      temple_hall, basic_altar
D:7:      gammafunk_temple_overflow_statue, grunt_livestock
D:8:      serial_shops, shop, basic_altar, serial_bayou_ford_a
D:9:      dancing_weapons_uskayaw, old_standard_altar,
          chequers_temple_overflow_statue_of_worship, serial_shops, shop,
          minivault_23
D:10:     zombieorc2_lemuel
Orc:1:    mines2_david
Orc:2:    grunt_orc_gardens, grunt_orc_garden, grunt_orc_garden,
          grunt_orc_garden, grunt_orc_garden

Skill      XL: |  1  2  3  4  5  6  7  8  9 10 |
---------------+-------------------------------+-----
Axes           | 4 5 6 7 9 10 12 14 | 14.2
Fighting       | 4 5 6 7 8 9 |  9.8
Stealth        | 1 2 |  2.5
Dodging        | 3 4 5 |  5.2
Armour         | 3 5 7 9 |  9.7

Action                   |  1- 3 |  4- 6 |  7- 9 | 10-12 || total
-------------------------+-------+-------+-------+-------++-------
Melee: Hand axe          |    57 |    81 |   223 |   148 ||   509
       Headbutt          |     8 |    19 |    44 |    35 ||   106
Invok: Burn Spellbooks   |       |     2 |     1 |       ||     3
       Berserk           |       |     1 |     4 |     6 ||    11
       Brothers in Arms  |       |       |     1 |     4 ||     5
  Use: Scroll            |     5 |     3 |    10 |     7 ||    25
       Potion            |     3 |     5 |     1 |     5 ||    14
  Eat: Bread ration      |       |     1 |       |     1 ||     2
       Meat ration       |       |     1 |     3 |     1 ||     5
       Chunk             |       |       |     1 |       ||     1
       Fruit             |       |       |       |     1 ||     1
Armor: Animal skin       |    17 |     6 |     3 |       ||    26
       Chain mail        |       |       |    88 |    62 ||   150
Dodge: Dodged            |    42 |    44 |   134 |   110 ||   330
